ORI
UNIVERSITY OF FLORIDA GATORS @ UNIVERSITY OF MIAMI HURRICANES
09/21/2046
 
TOP OF THE 1ST
University of Florida Gators batting - Pitching for University of Miami Hurricanes : RHP Alberto Arellano
Pitching: RHP Alberto Arellano
Batting: LHB Juan Cadavid 0-0: Ball
1-0: Swinging Strike
1-1: Called Strike
1-2: Ball
2-2: Foul Ball, location: 2F
2-2: Strikes out looking
Batting: RHB Ben Bailey 0-0: Ball
1-0: Ball
2-0: Called Strike
2-1: Foul Ball, location: 2F
2-2: Strikes out swinging
Batting: RHB Marco Morales 0-0: Called Strike
0-1: Called Strike
0-2: Strikes out swinging
Top of the 1st over - 0 runs, 0 hits, 0 errors, 0 left on base; University of Florida 0 - University of Miami 0
BOTTOM OF THE 1ST
University of Miami Hurricanes batting - Pitching for University of Florida Gators : RHP Marc Miles
Pitching: RHP Marc Miles
Batting: RHB Chris Zubia 0-0: Foul Ball, location: 2F
0-1: Foul Ball, location: 2F
0-2: Ball
1-2: SINGLE (Line Drive, 8RS, EV 106.2 MPH)
Batting: LHB Juan Zuniga 0-0: Called Strike
0-1: Called Strike
0-2: Foul Ball, location: 2F
0-2: Ball
1-2: Ball
2-2: Fielders Choice at 2nd, 4-6 (Groundball, 4, EV 85.6 MPH)
Batting: RHB Brian Bell 0-0: Called Strike
0-1: Swinging Strike
0-2: Strikes out swinging
Batting: RHB Burke Miller 0-0: Called Strike
0-1: Ball
1-1: Ball
2-1: Ball
3-1: Ground out 4-3 (Groundball, 34S, EV 85.0 MPH)
Bottom of the 1st over - 0 runs, 1 hit, 0 errors, 1 left on base; University of Florida 0 - University of Miami 0
TOP OF THE 2ND
University of Florida Gators batting - Pitching for University of Miami Hurricanes : RHP Alberto Arellano
Batting: RHB Josh Benefield 0-0: Fly out, F7 (Flyball, 7, EV 76.9 MPH)
Batting: RHB Luis Cabera 0-0: Ball
1-0: Swinging Strike
1-1: Swinging Strike
1-2: Strikes out swinging, 2-3 out at first.
Batting: RHB Gong-sun Law 0-0: Ball
1-0: Ball
2-0: Swinging Strike
2-1: Ground out 3-1 (Groundball, 34, EV 91.2 MPH)
Top of the 2nd over - 0 runs, 0 hits, 0 errors, 0 left on base; University of Florida 0 - University of Miami 0
BOTTOM OF THE 2ND
University of Miami Hurricanes batting - Pitching for University of Florida Gators : RHP Marc Miles
Batting: LHB Brian Woods 0-0: Ground out 4-3 (Groundball, 4, EV 106.2 MPH)
Batting: RHB C.J. Fleet 0-0: Ball
1-0: Called Strike
1-1: Swinging Strike
1-2: Ground out 6-3 (Groundball, 6, EV 78.1 MPH)
Batting: LHB Tim Wilton 0-0: Called Strike
0-1: Ball
1-1: Foul Ball, location: 2F
1-2: Ground out 5-3 (Groundball, 56S, EV 86.2 MPH)
Bottom of the 2nd over - 0 runs, 0 hits, 0 errors, 0 left on base; University of Florida 0 - University of Miami 0
TOP OF THE 3RD
University of Florida Gators batting - Pitching for University of Miami Hurricanes : RHP Alberto Arellano
Batting: RHB Lião Weishampt 0-0: Ball
1-0: Foul Ball, location: 2F
1-1: Called Strike
1-2: Foul Ball, location: 2F
1-2: Ball
2-2: Ball
3-2: Base on Balls
Batting: SHB Thad Shearing 0-0: Swinging Strike
0-1: Ball
1-1: Ball
2-1: Foul Ball, location: 2F
2-2: Strikes out swinging
Batting: RHB Danny Cisneros 0-0: Called Strike
0-1: Ball
1-1: Ball
2-1: Foul Ball, location: 2F
2-2: Foul Ball, location: 2F
2-2: Strikes out swinging
Batting: LHB Juan Cadavid 0-0: Ball
1-0: Ball
2-0: Ball
3-0: Base on Balls
Lião Weishampt to second
Batting: RHB Ben Bailey 0-0: Foul Ball, location: 2F
0-1: Foul Ball, location: 2F
0-2: Strikes out swinging
Top of the 3rd over - 0 runs, 0 hits, 0 errors, 2 left on base; University of Florida 0 - University of Miami 0
BOTTOM OF THE 3RD
University of Miami Hurricanes batting - Pitching for University of Florida Gators : RHP Marc Miles
Batting: RHB Alberto Arellano 0-0: Ground out 3-1 (Groundball, 34, EV 99.4 MPH)
Batting: RHB Paul Holland 0-0: SINGLE (Groundball, 56D, EV 100.6 MPH)
Batting: RHB Chris Zubia 0-0: Called Strike
Paul Holland is caught stealing 2nd base 2-4
0-1: Ball
1-1: Ball
2-1: Called Strike
2-2: Strikes out looking
Bottom of the 3rd over - 0 runs, 1 hit, 0 errors, 0 left on base; University of Florida 0 - University of Miami 0
TOP OF THE 4TH
University of Florida Gators batting - Pitching for University of Miami Hurricanes : RHP Alberto Arellano
Batting: RHB Marco Morales 0-0: Called Strike
0-1: Foul Ball, location: 2F
0-2: Ball
1-2: Strikes out swinging
Batting: RHB Josh Benefield 0-0: Ball
1-0: Ball
2-0: Ball
3-0: Called Strike
3-1: Swinging Strike
3-2: Strikes out looking
Batting: RHB Luis Cabera 0-0: Ball
1-0: Ball
2-0: Ball
3-0: Called Strike
3-1: Called Strike
3-2: SINGLE (Groundball, 56, EV 97.5 MPH)
Batting: RHB Gong-sun Law 0-0: Ball
1-0: Called Strike
1-1: Swinging Strike
1-2: Foul Ball, location: 2F
1-2: Foul Ball, location: 2F
1-2: Ball
2-2: Strikes out swinging
Top of the 4th over - 0 runs, 1 hit, 0 errors, 1 left on base; University of Florida 0 - University of Miami 0
BOTTOM OF THE 4TH
University of Miami Hurricanes batting - Pitching for University of Florida Gators : RHP Marc Miles
Batting: LHB Juan Zuniga 0-0: Called Strike
0-1: Foul Ball, location: 2F
0-2: Ball
1-2: Strikes out swinging
Batting: RHB Brian Bell 0-0: Called Strike
0-1: Swinging Strike
0-2: Ball
1-2: Ball
2-2: Foul Ball, location: 2F
2-2: Ball
3-2: Foul Ball, location: 2F
3-2: Strikes out swinging
Batting: RHB Burke Miller 0-0: Ball
1-0: Ball
2-0: Swinging Strike
2-1: Swinging Strike
2-2: Foul Ball, location: 2F
2-2: Ball
3-2: Base on Balls
Batting: LHB Brian Woods Pickoff Throw to First - Out! 1-3 CS
Bottom of the 4th over - 0 runs, 0 hits, 0 errors, 0 left on base; University of Florida 0 - University of Miami 0
TOP OF THE 5TH
University of Florida Gators batting - Pitching for University of Miami Hurricanes : RHP Alberto Arellano
Batting: RHB Lião Weishampt 0-0: Foul Ball, location: 2F
0-1: Swinging Strike
0-2: Strikes out swinging
Batting: SHB Thad Shearing 0-0: Ball
1-0: Called Strike
1-1: Ball
2-1: Foul Ball, location: 2F
2-2: TRIPLE (Flyball, 89XD, EV 92.5 MPH)
Pitching: RHP Bill Snelgrove
Batting: RHB Danny Cisneros 0-0: Swinging Strike
0-1: Ground out 6-3 (Groundball, 6, EV 85.6 MPH)
Batting: LHB Juan Cadavid 0-0: Ball
1-0: Ground out 6-3 (Groundball, 6, EV 84.4 MPH)
Top of the 5th over - 0 runs, 1 hit, 0 errors, 1 left on base; University of Florida 0 - University of Miami 0
BOTTOM OF THE 5TH
University of Miami Hurricanes batting - Pitching for University of Florida Gators : RHP Marc Miles
Batting: LHB Brian Woods 0-0: Ball
1-0: Fly out, F4 (Line Drive, 4, EV 66.9 MPH)
Batting: RHB C.J. Fleet 0-0: Ball
1-0: Ball
2-0: Ball
3-0: Foul Ball, location: 2F
3-1: Base on Balls
Batting: LHB Tim Wilton 0-0: Ball
1-0: Swinging Strike
1-1: Grounds out, U3 (Groundball, 3L, EV 83.8 MPH)
Batting: RHB Alberto Arellano 0-0: Fly out, F8 (Line Drive, 78M, EV 93.8 MPH)
Bottom of the 5th over - 0 runs, 0 hits, 0 errors, 1 left on base; University of Florida 0 - University of Miami 0
TOP OF THE 6TH
University of Florida Gators batting - Pitching for University of Miami Hurricanes : RHP Bill Snelgrove
Batting: RHB Ben Bailey 0-0: Ball
1-0: Ball
2-0: DOUBLE (Line Drive, 3D, EV 98.1 MPH)
Batting: RHB Marco Morales 0-0: Intentional Walk
Batting: RHB Josh Benefield 0-0: Ball
1-0: Foul Ball, location: 2F
1-1: Foul Ball, location: 2F
1-2: Strikes out swinging
Batting: LHB Dave Newsome 0-0: Ball
1-0: Ball
2-0: Ball
3-0: Base on Balls
Ben Bailey to third
Marco Morales to second
Pinch Hitting: RHB Juan Lopez 0-0: Called Strike
0-1: Foul Ball, location: 2F
0-2: Ball
1-2: Foul Ball, location: 2F
1-2: Ball
2-2: Hit by Pitch
Ben Bailey scores
Marco Morales to third
Dave Newsome to second
Batting: RHB Lião Weishampt 0-0: Fly out, F7 (Flyball, 7, EV 73.1 MPH)
Runner from 3rd tags up, SCORES, no throw by LF
Batting: SHB Thad Shearing 0-0: Called Strike
0-1: Ball
1-1: Ball
2-1: Ball
3-1: Foul Ball, location: 2F
3-2: Ground out 6-3 (Groundball, 6, EV 86.9 MPH)
Top of the 6th over - 2 runs, 1 hit, 0 errors, 2 left on base; University of Florida 2 - University of Miami 0
BOTTOM OF THE 6TH
University of Miami Hurricanes batting - Pitching for University of Florida Gators : RHP Marc Miles
Now at SS: Juan Lopez
Batting: RHB Paul Holland 0-0: Ball
1-0: Called Strike
1-1: Fly out, F8 (Flyball, 8LD, EV 81.9 MPH)
Batting: RHB Chris Zubia 0-0: Foul Ball, location: 2F
0-1: Swinging Strike
0-2: Ball
1-2: SINGLE (Line Drive, 9LS, EV 92.5 MPH)
Batting: LHB Juan Zuniga 0-0: Ball
Wild Pitch!
Chris Zubia to second
1-0: Ball
2-0: Called Strike
2-1: Swinging Strike
2-2: Foul Ball, location: 2F
2-2: Ball
3-2: Strikes out swinging
Pitching: LHP Juan Portillo
Batting: RHB Brian Bell 0-0: Called Strike
0-1: Ball
1-1: Called Strike
1-2: Foul Ball, location: 2F
1-2: Strikes out swinging
Bottom of the 6th over - 0 runs, 1 hit, 0 errors, 1 left on base; University of Florida 2 - University of Miami 0
TOP OF THE 7TH
University of Florida Gators batting - Pitching for University of Miami Hurricanes : RHP Bill Snelgrove
Batting: RHB Danny Cisneros 0-0: Ball
1-0: Ball
2-0: Ball
3-0: Base on Balls
Batting: LHB Juan Cadavid 0-0: Sac Bunt to 23 - play at first, batter OUT! 3-4
Danny Cisneros to second
Batting: RHB Ben Bailey 0-0: Swinging Strike
Passed Ball!
Danny Cisneros to third
0-1: Foul Ball, location: 2F
0-2: SINGLE (Groundball, 6MD, EV 111.9 MPH)
Danny Cisneros scores
Pitching: RHP Matt Pepin
Batting: RHB Marco Morales 0-0: Grounds into double play, 4-6-3 (Groundball, 4, EV 90.6 MPH)
Top of the 7th over - 1 run, 1 hit, 0 errors, 0 left on base; University of Florida 3 - University of Miami 0
BOTTOM OF THE 7TH
University of Miami Hurricanes batting - Pitching for University of Florida Gators : LHP Juan Portillo
Batting: RHB Burke Miller 0-0: Swinging Strike
0-1: Ball
1-1: Ball
2-1: Swinging Strike
2-2: Strikes out swinging
Pinch Hitting: RHB Drew Morgenstern 0-0: Called Strike
0-1: Ball
1-1: Ball
2-1: Ball
3-1: Foul Ball, location: 2F
3-2: Reached on error, E6 (Groundball, 6, EV 88.8 MPH)
Batting: RHB C.J. Fleet 0-0: Ball
1-0: Swinging Strike
1-1: Ball
2-1: Foul Ball, location: 2F
2-2: Foul Ball, location: 2F
2-2: Strikes out swinging
Batting: LHB Tim Wilton 0-0: Ball
1-0: Ball
2-0: Ball
3-0: Called Strike
3-1: Foul Ball, location: 2F
3-2: SINGLE (Groundball, 4M, EV 95.6 MPH)
Drew Morgenstern to third
Throwing error, E8
Drew Morgenstern scores
Tim Wilton to second
Batting: RHB Leonardo Morales 0-0: Fly out, F9 (Line Drive, 9D, EV 93.1 MPH)
Bottom of the 7th over - 1 run, 1 hit, 2 errors, 1 left on base; University of Florida 3 - University of Miami 1
TOP OF THE 8TH
University of Florida Gators batting - Pitching for University of Miami Hurricanes : RHP Matt Pepin
Now in LF: Jonathan Gardner
Pinch Hitting: SHB Michael Medina 0-0: Ball
1-0: Foul Ball, location: 2F
1-1: Ball
2-1: Foul Ball, location: 2F
2-2: Strikes out swinging
Batting: LHB Dave Newsome 0-0: Called Strike
0-1: Ball
1-1: Foul Ball, location: 2F
1-2: Ball
2-2: Foul Ball, location: 2F
2-2: Ground out 4-3 (Groundball, 4, EV 105.6 MPH)
Batting: RHB Juan Lopez 0-0: Ball
1-0: Called Strike
1-1: Swinging Strike
1-2: Ball
2-2: SINGLE (Groundball, 6MD, EV 101.2 MPH)
Pinch Hitting: LHB Juan Moreno 0-0: Ball
1-0: Ball
2-0: Called Strike
2-1: Swinging Strike
2-2: Strikes out looking
Top of the 8th over - 0 runs, 1 hit, 0 errors, 1 left on base; University of Florida 3 - University of Miami 1
BOTTOM OF THE 8TH
University of Miami Hurricanes batting - Pitching for University of Florida Gators : LHP Juan Portillo
Now in LF: Keith Kamerling
Now in RF: Pat Justice
Batting: RHB Paul Holland 0-0: SINGLE (Groundball, 56D, EV 100.0 MPH)
Pinch Hitting: RHB Sam Costello 0-0: Ball
1-0: Grounds into double play, 6-4-3 (Groundball, 6, EV 86.9 MPH)
Pinch Hitting: LHB Alastair Cummings 0-0: Swinging Strike
0-1: Ground out U3 (Groundball, 34S, EV 63.1 MPH)
Bottom of the 8th over - 0 runs, 1 hit, 0 errors, 0 left on base; University of Florida 3 - University of Miami 1
TOP OF THE 9TH
University of Florida Gators batting - Pitching for University of Miami Hurricanes : RHP Matt Pepin
Now at 3B: Addergoole Kartosuwiryo
Now in CF: Harry Labelle
Batting: SHB Thad Shearing 0-0: Ball
1-0: Called Strike
1-1: Foul Ball, location: 2F
1-2: Strikes out swinging
Batting: RHB Danny Cisneros 0-0: Foul Ball, location: 2F
0-1: SINGLE (Groundball, 5D, EV 97.5 MPH)
Batting: LHB Juan Cadavid 0-0: Called Strike
0-1: Ball
1-1: Ball
2-1: SINGLE (Groundball, 4M, EV 105.0 MPH)
Danny Cisneros to second
Batting: RHB Ben Bailey 0-0: Ball
1-0: Ball
2-0: Called Strike
2-1: Foul Ball, location: 2F
2-2: Strikes out swinging
Pinch Hitting: RHB Cyril Theophanous 0-0: Ball
1-0: Swinging Strike
1-1: Ball
2-1: Foul Ball, location: 2F
2-2: Strikes out swinging
Top of the 9th over - 0 runs, 2 hits, 0 errors, 2 left on base; University of Florida 3 - University of Miami 1
BOTTOM OF THE 9TH
University of Miami Hurricanes batting - Pitching for University of Florida Gators : LHP Juan Portillo
Pitching: RHP Vespasiano Galvanoni
Now at 2B: Manny Harrison
Pinch Hitting: SHB Steve Bailey 0-0: Ball
1-0: Ball
2-0: Ball
3-0: Base on Balls
Pinch Hitting: RHB Luis Sanchez 0-0: Ball
1-0: Ball
2-0: Ball
3-0: Called Strike
3-1: Swinging Strike
3-2: Base on Balls
Steve Bailey to second
Pinch Hitting: LHB Jose Lopez 0-0: Fielders Choice at 2nd, 4-6 (Groundball, 4, EV 84.4 MPH)
Steve Bailey to third
Pinch Hitting: RHB Harry Borrelli 0-0: Called Strike
0-1: Ball
1-1: Ball
2-1: Called Strike
2-2: Foul Ball, location: 2F
2-2: Fielders Choice at 2nd, 2-4 (Groundball, 2L, EV 71.9 MPH)
Pinch Hitting: RHB Mark Kerr 0-0: Called Strike
0-1: Foul Ball, location: 2F
0-2: Ball
1-2: Ball
2-2: Ball
3-2: DOUBLE (Flyball, 8RD, EV 99.4 MPH)
Steve Bailey scores
Harry Borrelli to third
Harry Borrelli scores
Batting: RHB Leonardo Morales 0-0: Intentional Walk
Batting: RHB Paul Holland 0-0: Called Strike
0-1: Swinging Strike
0-2: Foul Ball, location: 2F
0-2: Strikes out swinging
Bottom of the 9th over - 2 runs, 1 hit, 0 errors, 2 left on base; University of Florida 3 - University of Miami 3
TOP OF THE 10TH
University of Florida Gators batting - Pitching for University of Miami Hurricanes : RHP Matt Pepin
Pitching: RHP Raymilson La Arena
Now at C: Edward Purkis
Now at 2B: Harry Labelle
Now at SS: Tu Vo
Now in LF: Rusty Craig
Now in CF: Mark Kerr
Now in RF: Jaquan Dumas
Batting: SHB Pat Justice 0-0: Ball
1-0: Called Strike
1-1: Called Strike
1-2: Foul Ball, location: 2F
1-2: Ball
2-2: Strikes out swinging
Batting: LHB Dave Newsome 0-0: Ball
1-0: Ball
2-0: Foul Ball, location: 2F
2-1: Foul Ball, location: 2F
2-2: Ball
3-2: Fly out, F6 (Popup, 6S, EV 69.4 MPH)
Batting: RHB Juan Lopez 0-0: SINGLE (Groundball, 6M, EV 94.4 MPH) (infield hit)
Batting: RHB Keith Kamerling 0-0: Called Strike
0-1: Ball
1-1: Foul Ball, location: 2F
1-2: Strikes out looking
Top of the 10th over - 0 runs, 1 hit, 0 errors, 1 left on base; University of Florida 3 - University of Miami 3
BOTTOM OF THE 10TH
University of Miami Hurricanes batting - Pitching for University of Florida Gators : RHP Vespasiano Galvanoni
Pitching: RHP David Villanueva
Batting: LHB Addergoole Kartosuwiryo 0-0: Called Strike
0-1: Hit by Pitch
Batting: RHB Harry Labelle 0-0: Bunted foul
0-1: Bunted foul
0-2: Ball
1-2: Ball
2-2: Foul Ball, location: 2F
2-2: Strikes out swinging
Batting: RHB Edward Purkis 0-0: Called Strike
Addergoole Kartosuwiryo is caught stealing 2nd base 2-4
0-1: Foul Ball, location: 2F
0-2: Ball
1-2: Foul Ball, location: 2F
1-2: Ball
2-2: Ball
3-2: Foul Ball, location: 2F
3-2: Foul Ball, location: 2F
3-2: Ground out 1-3 (Groundball, P, EV 70.0 MPH)
Bottom of the 10th over - 0 runs, 0 hits, 0 errors, 0 left on base; University of Florida 3 - University of Miami 3
TOP OF THE 11TH
University of Florida Gators batting - Pitching for University of Miami Hurricanes : RHP Raymilson La Arena
Pinch Hitting: RHB Elliott Pye 0-0: Ball
1-0: Ball
2-0: Called Strike
2-1: Swinging Strike
2-2: Strikes out looking
Pinch Hitting: RHB Ryan Jennings 0-0: SINGLE (Flyball, 89S, EV 88.1 MPH)
Batting: LHB Juan Cadavid 0-0: Called Strike
0-1: Foul Ball, location: 2F
0-2: Hit by Pitch
Ryan Jennings to second
Pinch Runner at 2nd Rade Mamula:
Batting: RHB Ben Bailey 0-0: Bunt missed!
0-1: Bunt missed!
0-2: Strikes out swinging
Batting: RHB Manny Harrison 0-0: Foul Ball, location: 2F
0-1: Called Strike
0-2: Ball
1-2: Ball
2-2: Ball
3-2: Foul Ball, location: 2F
3-2: Strikes out swinging
Top of the 11th over - 0 runs, 1 hit, 0 errors, 2 left on base; University of Florida 3 - University of Miami 3
BOTTOM OF THE 11TH
University of Miami Hurricanes batting - Pitching for University of Florida Gators : RHP David Villanueva
Now at C: Nathan Clement
Now at 3B: C.J. Clifford
Batting: RHB Tu Vo 0-0: Called Strike
0-1: Ball
1-1: Ball
2-1: Called Strike
2-2: Ball
3-2: Foul Ball, location: 2F
3-2: Base on Balls
Batting: RHB Jaquan Dumas 0-0: Called Strike
Tu Vo is caught stealing 2nd base 2-4
0-1: Swinging Strike
0-2: Ball
1-2: Strikes out looking
Batting: LHB Rusty Craig 0-0: Foul Ball, location: 2F
0-1: Ball
1-1: Foul Ball, location: 2F
1-2: Strikes out swinging
Bottom of the 11th over - 0 runs, 0 hits, 0 errors, 0 left on base; University of Florida 3 - University of Miami 3
TOP OF THE 12TH
University of Florida Gators batting - Pitching for University of Miami Hurricanes : RHP Raymilson La Arena
Pitching: RHP Juan Peralez
Batting: SHB Pat Justice 0-0: Ball
1-0: Ball
2-0: Ball
3-0: Called Strike
3-1: Base on Balls
Batting: LHB Dave Newsome 0-0: Ball
1-0: Ball
2-0: Ball
Pat Justice steals 2nd base
3-0: Intentional Walk
Batting: RHB Juan Lopez 0-0: Bunted foul
0-1: Bunted foul
0-2: Reached on error, E5 (Groundball, P, EV 86.2 MPH)
Pat Justice to third
Dave Newsome to second
Batting: RHB Keith Kamerling 0-0: Called Strike
0-1: Swinging Strike
0-2: Ball
1-2: Ball
2-2: Ball
3-2: Base on Balls
Pat Justice scores
Dave Newsome to third
Juan Lopez to second
Batting: RHB C.J. Clifford 0-0: Called Strike
0-1: Ball
1-1: Ball
2-1: SINGLE (Groundball, 5L, EV 103.8 MPH)
Dave Newsome scores
Juan Lopez to third
Keith Kamerling to second
Pinch Hitting: RHB Vince Trussell 0-0: Foul Ball, location: 2F
0-1: Swinging Strike
0-2: Ball
1-2: DOUBLE (Flyball, 9D, EV 88.1 MPH)
Juan Lopez scores
Keith Kamerling scores
C.J. Clifford to third
Pitching: LHP Ryan Hosken
Batting: LHB Juan Cadavid 0-0: Foul Ball, location: 2F
0-1: Ground out 6-3 (Groundball, 6M, EV 86.2 MPH)
C.J. Clifford scores
Vince Trussell to third
Batting: RHB Ben Bailey 0-0: Ball
1-0: Ball
2-0: Swinging Strike
2-1: Swinging Strike
2-2: Ball
3-2: Strikes out swinging
Batting: RHB Manny Harrison 0-0: Ball
1-0: Called Strike
1-1: SINGLE (Groundball, 4M, EV 86.2 MPH) (infield hit)
Vince Trussell scores
Batting: SHB Pat Justice 0-0: Ball
1-0: 2-RUN HOME RUN (Flyball, 7D, EV 98.1 MPH), Distance : 377 ft
Batting: LHB Dave Newsome 0-0: Foul Ball, location: 2F
0-1: Swinging Strike
0-2: Strikes out looking
Top of the 12th over - 8 runs, 4 hits, 1 error, 0 left on base; University of Florida 11 - University of Miami 3
BOTTOM OF THE 12TH
University of Miami Hurricanes batting - Pitching for University of Florida Gators : RHP David Villanueva
Now at C: Vince Trussell
Batting: RHB Mark Kerr 0-0: Ball
1-0: Called Strike
1-1: Ball
2-1: Foul Ball, location: 2F
2-2: Ground out 4-3 (Groundball, 4, EV 86.9 MPH)
Batting: RHB Leonardo Morales 0-0: Ball
1-0: Called Strike
1-1: Ball
2-1: Fly out, F7 (Flyball, 7D, EV 93.8 MPH)
Batting: RHB Paul Holland 0-0: Swinging Strike
0-1: Ground out 6-3 (Groundball, 56, EV 90.0 MPH)
Bottom of the 12th over - 0 runs, 0 hits, 0 errors, 0 left on base; University of Florida 11 - University of Miami 3
Tuesday, September 13th , 2022 - OOTP Baseball 23.7 Build 88